 Dungeon Crawl Stone Soup version 0.28-a0-1152-g9c71ebef14 (webtiles) character file.

Game seed: 12000744303561503836

14435 funkygono the Thaumaturge (level 11, -5/56 HPs)
             Began as a Deep Elf Fire Elementalist on Dec 14, 2021.
             Was a Priest of Vehumet.
             Slain by a slime creature (11 damage)
             ... on level 11 of the Dungeon.
             The game lasted 00:31:18 (13543 turns).

funkygono the Thaumaturge (DEFE)                   Turns: 13543, Time: 00:31:18

Health: -5/56      AC: 10    Str:  5    XL:     11   Next: 88%
Magic:  31/31      EV: 15    Int: 25    God:    Vehumet [***...]
Gold:   614        SH:  0    Dex: 15    Spells: 17/38 levels left

rFire   . . .      SeeInvis .   I - +7 pair of quick blades "Gyre" and "Gimble" {protect}
rCold   . . .      Faith    .   (shield currently unavailable)
rNeg    . . .      Spirit   .   K - +1 acid dragon scales
rPois   .          Reflect  .   (no helmet)
rElec   .          Harm     .   d - +0 cloak
rCorr   +          Rampage  .   x - +0 pair of gloves
Will    +....                   (no boots)
Stlth   ++........              u - amulet of magic regeneration
HPRegen 0.18/turn               c - +4 ring of evasion
MPRegen 0.62/turn               k - ring of resist corrosion

@: no status effects
A: no striking features
a: Renounce Religion


You were on level 11 of the Dungeon.
You worshipped Vehumet.
Vehumet was most pleased with you.
You visited 2 branches of the dungeon, and saw 13 of its levels.
You also visited: Ossuary.

You collected 614 gold pieces.

Inventory:

Hand Weapons
 g - a +3 dagger of flaming
 w - a +0 short sword of protection
 F - a +0 dagger of speed
 I - the +7 pair of quick blades "Gyre" and "Gimble" (weapon) {protect}
   (You found it on level 10 of the Dungeon)

   It grants its wielder temporary protection when it strikes (+7 to AC).
 M - a +0 quarterstaff of freezing
Armour
 a - a +0 robe
 d - a +0 cloak (worn)
 r - a +0 ring mail of poison resistance
 v - a +2 leather armour of cold resistance
 x - a +0 pair of gloves (worn)
 K - +1 acid dragon scales (worn)
 N - a +2 robe of cold resistance
 O - a +1 robe of positive energy
Magical Staves
 b - a staff of death
Jewellery
 c - a +4 ring of evasion (left hand)
 e - an amulet of guardian spirit
 h - an amulet of reflection
 k - a ring of resist corrosion (right hand)
 u - an amulet of magic regeneration (around neck)
 L - a ring of ice
Wands
 m - a wand of flame (20)
 o - a wand of polymorph (12)
 B - a wand of iceblast (16)
 C - a wand of paralysis (4)
 D - a wand of mindburst (21)
 H - a wand of digging (2)
Scrolls
 f - 5 scrolls of fog
 l - 4 scrolls of amnesia
 y - 3 scrolls of fear
 z - a scroll of blinking
 G - a scroll of teleportation
Potions
 i - 9 potions of curing
 j - 5 potions of heal wounds
 n - a potion of attraction
 p - a potion of ambrosia
 q - 4 potions of might
 s - 2 potions of invisibility
 t - 3 potions of haste
 A - a potion of experience {unknown}
 E - 2 potions of flight
 J - 2 potions of magic {unknown}


   Skills:
 + Level 1.0 Fighting
 + Level 5.0 Armour
 + Level 3.6 Dodging
 - Level 2.4 Stealth
 + Level 14.3 Spellcasting
 + Level 10.6 Conjurations
 + Level 9.5 Fire Magic
 + Level 0.8 Air Magic
 * Level 7.9 Earth Magic


You had 17 spell levels left.
You knew the following spells:

 Your Spells              Type           Power      Damage    Failure   Level
a - Foxfire               Conj/Fire      100%       2x1d9     1%          1
b - Scorch                Fire           100%       2d10      1%          2
c - Conjure Flame         Conj/Fire      62%        6-21      1%          3
d - Flame Wave            Conj/Fire      62%        2d10      1%          4
e - Stone Arrow           Conj/Erth      100%       3d13      1%          3
f - Shock                 Conj/Air       100%       1d9       1%          1
g - Sticky Flame          Conj/Fire      62%        2d8       1%          4
h - Ignite Poison         Fire/Tmut/Pois 33%        N/A       1%          3

Your spell library contained the following spells:

 Spells                   Type           Power      Damage    Failure   Level
 Passwall                 Tmut/Erth      30%        N/A       1%          2
 Static Discharge         Conj/Air       46%        N/A       1%          2
 Inner Flame              Hex/Fire       41%        N/A       1%          3
 Lee's Rapid Deconstruct  Erth           27%        3d16*     1%          5
 Poisonous Vapours        Pois/Air       40%        N/A       2%          2
 Fulminant Prism          Conj/Hex       22%        3d13      2%          4
 Iskenderun's Mystic Bla  Conj/Tloc      44%        2d10      2%          4
 Frozen Ramparts          Ice            34%        1d5       5%          3
 Animate Skeleton         Necr           34%        N/A       6%          1
 Pain                     Necr           68%        1d7       6%          1
 Corpse Rot               Necr/Air       40%        N/A       9%          2
 Ensorcelled Hibernation  Hex/Ice        34%        N/A       10%         2
 Freezing Cloud           Conj/Ice/Air   18%        6-21      11%         5
 Animate Armour           Summ/Erth      74%        N/A       13%         4
 Swiftness                Air            22%        N/A       14%         3
 Tukima's Dance           Hex            17%        N/A       19%         3
 Vampiric Draining        Necr           17%        2d7       19%         3
 Summon Lightning Spire   Summ/Air       20%        N/A       47%         4
 Dispel Undead            Necr           17%        3d10      54%         4
 Ice Form                 Ice/Tmut       17%        N/A       54%         4
 Passage of Golubria      Tloc           17%        N/A       54%         4
 Summon Ice Beast         Ice/Summ       17%        N/A       54%         4
 Silence                  Hex/Air        10%        N/A       83%         5
 Lehudib's Crystal Spear  Conj/Erth      29%        10d8      90%         8
 Simulacrum               Ice/Necr       8%         N/A       100%        6
 Storm Form               Tmut/Air       10%        N/A       100%        7
 Maxwell's Capacitive Co  Air            11%        ∞         100%        8
 Polar Vortex             Ice            8%         N/A       100%        9


Dungeon Overview and Level Annotations

Branches:
Dungeon (12/15)            Temple (1/1) D:7            Lair (0/6) D:11
    Orc (0/2) D:9         Ossuary (visited)

Altars:
Ashenzari
Cheibriados
Dithmenos
Elyvilon
Fedhas
Gozag
Hepliaklqana
Kikubaaqudgha
Makhleb
Nemelex Xobeh
Okawaru
Qazlal
Ru
Sif Muna
Trog
Uskayaw
Vehumet
Wu Jian
Xom
Yredelemnul
Zin
The Shining One
Lugonu

Shops:
D:6 *

Annotations:
D:8 4 runed translucent doors
D:11 exclusion: oklob plant


Message History

Unknown command.
Casting: Stone Arrow (safe; 1% risk of failure)
Confirm with . or Enter, or press ? or * to list all spells.
Aiming: Stone Arrow (safe; 1% risk of failure)
Press: ? - help, Shift-Dir - straight line, f/p - slime creature
Aim: a slime creature (almost dead, 95% to hit)
The stone arrow hits the slime creature!!
You kill the slime creature!
Vehumet accepts your kill.
You feel your power returning. The large slime creature hits you!
The death knight mumbles some strange prayers to Yredelemnul against you.
You struggle to resist.
Casting: Stone Arrow (safe; 1% risk of failure)
Confirm with . or Enter, or press ? or * to list all spells.
Aiming: Stone Arrow (safe; 1% risk of failure)
Press: ? - help, Shift-Dir - straight line, f - large slime creature
Aim: a large slime creature (95% to hit)
The stone arrow hits the large slime creature!!
The large slime creature is moderately wounded.
A large slime creature splits.
Unknown command.
The death knight's dark mirror aura disappears.
Casting: Stone Arrow (safe; 1% risk of failure)
Confirm with . or Enter, or press ? or * to list all spells.
Aiming: Stone Arrow (safe; 1% risk of failure)
Press: ? - help, Shift-Dir - straight line, f/p - slime creature
Aim: a slime creature (moderately wounded, 95% to hit)
The stone arrow hits the slime creature!
The slime creature is heavily wounded.
The slime creature hits you. The slime creature hits you!
The slime creature hits you!
* * * LOW HITPOINT WARNING * * *
The death knight invokes the aid of Yredelemnul against you.
Your body is wracked with pain!
* * * LOW HITPOINT WARNING * * *
The slime creature closely misses you.
There is a stone staircase leading up here.
The death knight offers itself to Yredelemnul, and fills with unholy energy.
The slime creature hits you!
You die...

#....#. #....#≈ #....#.
########...#.
#......#...#.
#......#....#
############......#.....
........J....^....#.....
.......@J.p.......#....#
..................#..!.#
..................#....#
..................#....#
.................##..###
.....##....#.........#..
..... #....#.........#..
..... #....#.........#..
#.^..#.........#..


You could see a death knight (reflects damage) and 2 slime creatures.

Vanquished Creatures
  Fannar (D:12)
  5 two-headed ogres
  Pikel (D:6)
  A phantasmal warrior (D:12)
  An oklob plant (D:11)
  A deep elf pyromancer (D:8)
  2 ugly things (D:12)
  Maurice (D:8)
  An unseen horror (D:10)
  A hornet (D:10)
  2 slime creatures (D:11)
  2 wyverns (D:9)
  Sigmund (D:2)
  2 wraiths (Ossuary)
  Eustachio (D:4)
  11 yaks
  2 acid dragons
  2 water moccasins
  A swamp drake (D:9)
  3 orc warriors
  2 sky beasts
  2 black bears
  4 ogres
  4 centaurs
  3 phantoms
  2 lemures (D:6)
  6 kobold brigands
  4 bullfrogs
  2 scorpions
  A wyvern skeleton (D:7)
  A water moccasin skeleton (D:5)
  3 wights (Ossuary)
  3 howler monkeys
  A bullfrog zombie (D:5)
  3 centaur zombies
  3 hounds
  3 jellies
  A centaur skeleton (D:6)
  6 orc priests
  6 iguanas
  Ijyb (D:3)
  Natasha (thrice) (D:2)
  8 orc wizards
  A killer bee zombie (D:7)
  A hound skeleton (D:4)
  A howler monkey zombie (D:8)
  6 adders
  7 gnolls
  A shadow imp (D:7)
  An ufetubus (D:5)
  2 adder zombies (Ossuary)
  2 worms
  4 dart slugs
  25 orcs
  6 ball pythons
  4 bats
  10 endoplasms
  4 giant cockroaches
  17 goblins
  9 hobgoblins
  4 jackals (D:3)
  31 kobolds
  5 quokkas
  2 ball python skeletons (Ossuary)
  10 frilled lizards
  3 hobgoblin zombies (Ossuary)
  A kobold zombie (Ossuary)
  An orc zombie (Ossuary)
  3 rats (D:3)
275 creatures vanquished.

Vanquished Creatures (others)
  An orc wizard (D:9)
  888 foxfires
  11 plants
900 creatures vanquished.

Grand Total: 1175 creatures vanquished

Notes
Turn   | Place    | Note
-------+----------+-------------------------------------------
     0 | D:1      | funkygono the Deep Elf Fire Elementalist began the quest
                  | for the Orb.
     0 | D:1      | Reached XP level 1. HP: 10/10 MP: 6/6
    81 | D:1      | Found a faded altar of an unknown god.
   268 | D:1      | Reached XP level 2. HP: 15/15 MP: 5/8
   357 | D:1      | Learned a level 2 spell: Scorch
  1039 | D:2      | Noticed Sigmund
  1115 | D:2      | Reached XP level 3. HP: 19/19 MP: 5/10
  1119 | D:2      | Learned a level 3 spell: Conjure Flame
  1367 | D:2      | Noticed a scorpion
  1373 | D:2      | Killed a scorpion
  1374 | D:2      | Reached skill level 4 in Spellcasting
  1374 | D:2      | Reached XP level 4. HP: 13/24 MP: 2/12
  1507 | D:2      | Learned a level 4 spell: Flame Wave
  1743 | D:2      | Noticed Natasha
  1751 | D:2      | Killed Natasha
  1905 | D:2      | Noticed Natasha
  1909 | D:2      | Killed Natasha
  1910 | D:2      | Reached skill level 5 in Spellcasting
  1910 | D:2      | Reached XP level 5. HP: 28/28 MP: 8/14
  1913 | D:2      | Noticed Natasha
  1917 | D:2      | Killed Natasha
  2372 | D:2      | Killed Sigmund
  2373 | D:2      | Reached skill level 6 in Spellcasting
  2373 | D:2      | Reached skill level 5 in Fire Magic
  2373 | D:2      | Reached XP level 6. HP: 15/32 MP: 5/17
  2451 | D:2      | Learned a level 3 spell: Stone Arrow
  2922 | D:3      | Found a glowing golden altar of the Shining One.
  2923 | D:3      | Found a hazy altar of Hepliaklqana.
  2924 | D:3      | Found a shimmering altar of Xom.
  3145 | D:3      | Found a basalt altar of Yredelemnul.
  3146 | D:3      | Found a hide-covered altar of Uskayaw.
  3146 | D:3      | Found a broken altar of Ashenzari.
  3516 | D:3      | Noticed Ijyb
  3605 | D:3      | Killed Ijyb
  3992 | D:4      | Noticed Eustachio
  4000 | D:4      | Killed Eustachio
  4001 | D:4      | Reached skill level 7 in Spellcasting
  4001 | D:4      | Reached XP level 7. HP: 36/36 MP: 8/19
  4180 | D:4      | Reached skill level 1 in Earth Magic
  4683 | D:4      | Reached XP level 8. HP: 41/41 MP: 15/21
  4748 | D:4      | Reached skill level 8 in Spellcasting
  4880 | D:4      | Reached skill level 5 in Conjurations
  5382 | D:5      | Entered Level 5 of the Dungeon
  5614 | D:5      | Reached skill level 9 in Spellcasting
  5792 | D:5      | Reached skill level 1 in Armour
  6044 | D:5      | Found an ornate altar of the Wu Jian Council.
  6376 | D:6      | Reached XP level 9. HP: 45/45 MP: 18/24
  6457 | D:6      | Noticed a two-headed ogre
  6464 | D:6      | Killed a two-headed ogre
  6465 | D:6      | Reached skill level 10 in Spellcasting
  6864 | D:6      | Noticed Pikel
  6882 | D:6      | Killed Pikel
  6883 | D:6      | Reached skill level 11 in Spellcasting
  7429 | D:6      | Found Bisang's Assorted Antiques.
  7919 | D:7      | Found a staircase to the Ecumenical Temple.
  7923 | D:7      | Found a sand-covered staircase.
  7935 | Ossuary  | Entered an ossuary
  8155 | Ossuary  | Reached skill level 5 in Earth Magic
  8189 | Ossuary  | Reached XP level 10. HP: 29/50 MP: 12/27
  8610 | Temple   | Entered the Ecumenical Temple
  8818 | D:7      | Found a shimmering blue altar of Sif Muna.
  8818 | D:7      | Found an opulent altar of Gozag.
  8825 | D:7      | Found a shadowy altar of Dithmenos.
  8827 | D:7      | Found a radiant altar of Vehumet.
  8829 | D:7      | Found a sacrificial altar of Ru.
  8833 | D:7      | Became a worshipper of Vehumet
  8979 | D:7      | Found an iron altar of Okawaru.
  9318 | D:8      | Found a huge runed translucent gate.
  9318 | D:8      | Noticed Maurice
  9325 | D:8      | Noticed a death yak
  9328 | D:8      | Reached skill level 12 in Spellcasting
  9332 | D:8      | Killed Maurice
  9556 | D:8      | Noticed a manticore
  9557 | D:8      | Found a huge runed translucent gate.
  9557 | D:8      | Found a huge runed translucent gate.
  9559 | D:8      | Found a huge runed translucent gate.
  9732 | D:8      | Reached * piety under Vehumet
  9732 | D:8      | Offered knowledge of Sandblast by Vehumet.
  9841 | D:8      | Found a burning altar of Makhleb.
  9844 | D:8      | Found a glowing silver altar of Zin.
  9844 | D:8      | Noticed an angel
  9845 | D:8      | Noticed an Executioner
  9846 | D:8      | Noticed a deep elf pyromancer
  9854 | D:8      | Killed a deep elf pyromancer
 10230 | D:9      | Noticed a two-headed ogre
 10237 | D:9      | Killed a two-headed ogre
 10332 | D:9      | Noticed a two-headed ogre
 10344 | D:9      | Killed a two-headed ogre
 10345 | D:9      | Reached skill level 13 in Spellcasting
 10376 | D:9      | Reached XP level 11. HP: 54/54 MP: 26/30
 11048 | D:9      | Offered knowledge of Shock by Vehumet.
 11057 | D:9      | Reached ** piety under Vehumet
 11081 | D:9      | Found a staircase to the Orcish Mines.
 11533 | D:9      | Learned a level 1 spell: Shock
 11555 | D:10     | Entered Level 10 of the Dungeon
 11675 | D:10     | Noticed a two-headed ogre
 11675 | D:10     | Found the +7 pair of quick blades "Gyre" and "Gimble"
                  | {protect}
 11683 | D:10     | Killed a two-headed ogre
 11713 | D:10     | Learned a level 4 spell: Sticky Flame
 11762 | D:10     | Noticed a two-headed ogre
 11765 | D:10     | Killed a two-headed ogre
 11995 | D:10     | Reached skill level 10 in Conjurations
 12418 | D:10     | Offered knowledge of Ignite Poison by Vehumet.
 12699 | D:10     | Learned a level 3 spell: Ignite Poison
 12801 | D:11     | Noticed an oklob plant
 12803 | D:11     | Found a staircase to the Lair.
 12803 | D:11     | Noticed an oklob plant
 12813 | D:11     | Killed an oklob plant
 12814 | D:11     | Reached skill level 14 in Spellcasting
 12950 | D:11     | You fall into a shaft and drop 1 floor!
 12950 | D:12     | Noticed Fannar
 12950 | D:12     | Noticed a brown ugly thing
 12962 | D:12     | Killed Fannar
 12968 | D:12     | Killed a brown ugly thing
 13085 | D:12     | Noticed a phantasmal warrior
 13093 | D:12     | Killed a phantasmal warrior
 13094 | D:12     | Reached skill level 1 in Fighting
 13094 | D:12     | Reached skill level 5 in Armour
 13376 | D:12     | Noticed a cyan ugly thing
 13381 | D:12     | Killed a cyan ugly thing
 13507 | D:11     | Noticed a death knight
 13508 | D:11     | Reached *** piety under Vehumet
 13543 | D:11     | Slain by a slime creature

Illustrated notes

Levels and vault maps discovered:
D:1:      minmay_arrival_split_and_join, layout_rooms,
          hellmonk_ecumenical_altar_blasted, minmay_misc_feat_plants,
          chequers_mini_garden, grunt_decor_resistance, minmay_misc_feat_x
D:2:      layout_basic, minivault_26, uniq_natasha, uniq_sigmund
D:3:      kennysheep_the_goblin_king, layout_basic, grunt_temple_overflow_open,
          minmay_misc_feat_diagonals, nicolae_concentric_dashed_squares_mild,
          minmay_lizard_king
D:4:      kennysheep_spiral_hall, layout_cave_pools, minmay_divided_ellipse,
          uniq_eustachio
D:5:      nicolae_cairo_tiling_very_big, layout_loops_ring,
          mainiacjoe_overflow_paths, minmay_fractal_squares_5, uniq_ijyb
D:6:      layout_loops_ring, serial_shops, kennysheep_mini_moat, uniq_pikel
D:7:      layout_basic, chequers_temple_overflow_minitemple,
          kennysheep_okawaru_gauntlet, minmay_temple_entry_statues_pillars,
          nicolae_ossuary_entry_ruins
D:8:      lemuel_bear_cage, layout_rooms,
          grunt_temple_overflow_order_and_chaos_2, kennysheep_donut,
          uniq_maurice
D:9:      layout_stronghold, erik_orc_1
D:10:     layout_long_grid
D:11:     layout_grid_maze, dpeg_oklobed_lair, minmay_door_square, uniq_snorg,
          uniq_psyche
D:12:     layout_basic, serial_shops, nicolae_shop_statue_plus, enter_bailey_6,
          uniq_fannar
Temple:   corrupted_temple

Skill      XL: |  1  2  3  4  5  6  7  8  9 10 11 |
---------------+----------------------------------+-----
Spellcasting   | 4 5 6 7 9 11 13 14 | 14.3
Conjurations   | 2 3 4 6 7 9 10 | 10.6
Fire Magic     | 4 5 6 7 8 9 |  9.5
Earth Magic    | 3 5 6 7 |  7.9
Armour         | 1 2 4 5 |  5.0
Dodging        | 3 |  3.6
Fighting       | 1 |  1.0
Stealth        | |  2.4
Air Magic      | |  0.8

Action                   |  1- 3 |  4- 6 |  7- 9 | 10-12 || total
-------------------------+-------+-------+-------+-------++-------
Melee: Dagger            |     1 |       |     2 |     2 ||     5
       Pair of quick bla |       |       |       |     5 ||     5
 Cast: Foxfire           |    70 |    77 |   188 |   198 ||   533
       Scorch            |     2 |    12 |     1 |       ||    15
       Stone Arrow       |       |     2 |    69 |    97 ||   168
       Flame Wave        |       |       |       |    12 ||    12
       Shock             |       |       |       |    14 ||    14
       Sticky Flame      |       |       |       |     1 ||     1
  Use: Scroll            |       |     8 |     8 |     6 ||    22
       Potion            |       |       |       |     1 ||     1
Armor: Robe              |       |       |     3 |       ||     3
       Leather armour    |       |       |     3 |     8 ||    11
       Acid dragon scale |       |       |       |    16 ||    16
Dodge: Dodged            |     2 |     6 |    33 |    58 ||    99
Block: Other             |       |       |     5 |       ||     5

Table legend: (Time is in decaauts)
 A = Elapsed time spent in this place.
 B = Non-inter-level travel time spent in this place.
 C = Inter-level travel time spent in this place.
 D = Time resting spent in this place.
 E = Time spent auto-exploring this place.
 F = Levels seen in this place.
 G = Mean time per level.
                   A        B        C        D        E       F      G
               +--------+--------+--------+--------+--------+-----+--------+
         Total |  13541 |  13130 |    411 |    867 |  10262 |  14 |  967.2 |
       Dungeon |  13056 |  12658 |    398 |    848 |   9931 |  12 | 1088.0 |
        Temple |     50 |     37 |     13 |      0 |     29 |   1 |   50.0 |
       Ossuary |    434 |    434 |      0 |     19 |    301 |   1 |  434.0 |
               +--------+--------+--------+--------+--------+-----+--------+

Top non-repeatable levels by time:
     D:2: 1804 daAuts
     D:6: 1529 daAuts
     D:4: 1389 daAuts
     D:9: 1324 daAuts
    D:10: 1161 daAuts
     D:3: 1157 daAuts
     D:1: 1011 daAuts
     D:5: 987 daAuts
     D:8: 946 daAuts
     D:7: 919 daAuts
    D:12: 551 daAuts
 Ossuary: 434 daAuts
    D:11: 273 daAuts
  Temple: 50 daAuts
